 Dungeon Crawl Stone Soup version 0.30-a0-341-g682706514a (webtiles) character file.

Game seed: 13325645694361033899

63 night the Slasher (level 4, -2/33 (40) HPs)
             Began as a Naga Reaver on Nov 3, 2022.
             Slain by Ijyb
             ... wielding a +0 dagger
              (3 damage)
             ... on level 3 of the Dungeon.
             The game lasted 00:03:29 (1832 turns).

night the Slasher (Naga Reaver)                     Turns: 1832, Time: 00:03:30

HP:   -2/33 (40)    AC:  2    Str: 14    XL:     4   Next: 10%
MP:   4/7           EV:  9    Int: 13    God:
Gold: 135           SH:  0    Dex: 12    Spells: 4/7 levels left

rFire   + . .      SeeInvis +    a - +0 falchion
rCold   + . .      Faith    .    (no shield)
rNeg    . . .      Spirit   .    b - +0 leather armour
rPois   +          Reflect  .    (no helmet)
rElec   +          Harm     .    (no cloak)
rCorr   +          Rampage  .    (no gloves)
Will    .....                    (no barding)
Stlth   +.........               (no amulet)
HPRegen 0.25/turn                (no ring)
MPRegen 0.10/turn                (no ring)

@: resistant, immotile, heavily drained, very slow
A: AC +1, large, see invisible, deformed body, poison resistance, slowness 2,
spit poison 1, naga tail 1
a: Spit Poison


You were on level 3 of the Dungeon.
You visited 1 branch of the dungeon, and saw 3 of its levels.

You collected 135 gold pieces.

Inventory:

Hand Weapons
 a - a +0 falchion (weapon)
Missiles
 e - 37 stones
 n - a throwing net
 q - 3 curare-tipped darts
Armour
 b - a +0 leather armour (worn)
Scrolls
 c - a scroll of amnesia {unknown}
 d - 2 scrolls of vulnerability {unknown}
 g - a scroll of enchant weapon {unknown}
 h - 2 scrolls of enchant armour {unknown}
 j - a scroll of blinking {unknown}
 k - a scroll of poison {unknown}
 o - 2 scrolls of identify {unknown}
 p - a scroll of torment {unknown}
Potions
 i - a potion of might {unknown}
 l - a potion of haste {unknown}
 m - a potion of heal wounds {unknown}


   Skills:
 + Level 2.5 Fighting
 + Level 3.4 Long Blades
 + Level 2.0 Dodging
 + Level 1.5 Stealth
 + Level 2.4 Spellcasting
 + Level 3.3 Conjurations


You had 4 spell levels left.
You knew the following spells:

 Your Spells              Type           Power      Damage    Failure   Level
a - Kiss of Death         Conj/Necr      20%        2d7       16%         1
b - Momentum Strike       Conj/Tloc      10%        3d8       24%         2

Your spell library contained the following spells:

 Spells                   Type           Power      Damage    Failure   Level
 Beastly Appendage        Tmut           2%         N/A       30%         1
 Wereblood                Tmut           1%         N/A       43%         2
 Hailstorm                Conj/Ice       5%         3d4       43%         3
 Stone Arrow              Conj/Erth      10%        3d7       43%         3
 Spider Form              Tmut/Pois      1%         N/A       67%         3
 Animate Armour           Summ/Erth      2%         N/A       97%         4
 Lehudib's Crystal Spear  Conj/Erth      2%         10d2      100%        8


Dungeon Overview and Level Annotations

Branches:
Dungeon (3/15)

Altars:

Annotations:
D:3 Ijyb, Terence


Innate Abilities, Weirdness & Mutations

Your serpentine skin is tough. (AC +1)
You have supernaturally acute eyesight. (SInv)
Armour fits poorly on your strangely shaped body.
Your system is resistant to poisons. (rPois)
You cover ground very slowly.
You can spit poison.
You have a snake-like lower body.


Message History

Casting: Momentum Strike (dangerous; 24% risk of failure)
Confirm with . or Enter, or press ? or * to list all spells.
You cannot redirect your momentum while unable to move.
You cannot move.
Casting: Momentum Strike (dangerous; 24% risk of failure)
Confirm with . or Enter, or press ? or * to list all spells.
Aiming: Kiss of Death (safe; 16% risk of failure)
Press: ? - help, Shift-Dir - straight line, f - Terence, p - Ijyb
Aim: Terence, wielding a +3 short sword of holy wrath and wearing a +3 chain mail of willpower (100% to hit)
The negative energy hits Terence but does no damage.
Terence is drained!
Terence is lightly wounded.
You feel drained.
You have got your breath back.
Ijyb barely misses you. Terence closely misses you.
You aren't carrying any items that you can evoke.
You aren't carrying any pieces of jewellery.
It was a potion of resistance.
You feel protected.
Terence hits you with a +3 short sword of holy wrath.
Ijyb screams, "You nasty!
Big nasty!"
Ijyb barely misses you.
You cannot move.
You cannot move.
You cannot move.
You cannot move.
You hit Ijyb but do no damage.
Ijyb is severely wounded.
Terence misses you. Ijyb closely misses you.
You hit Ijyb but do no damage.
Ijyb is severely wounded.
Ijyb hits you with a +0 dagger.
Terence hits you with a +3 short sword of holy wrath.
* * * LOW HITPOINT WARNING * * *
You hit Ijyb.
Ijyb is severely wounded.
Terence hits you with a +3 short sword of holy wrath.
* * * LOW HITPOINT WARNING * * *
Ijyb hits you with a +0 dagger.
You die...

..#....#.. #.........
......#.........
......#....?... ......#
...... . .....####...#
... ######.........@g+
$...
.....#.#+####...@#.....
..........#...)......#
................##...#
.................+...#
...............### ..#
.................##....
........................
........................
...###+#.#...........


You could see Ijyb and Terence (very drained).

Vanquished Creatures
  2 adders (D:2)
  2 dart slugs (D:1)
  An endoplasm (D:1)
  A giant cockroach (D:1)
  4 goblins
  4 hobgoblins
  2 jackals (D:1)
  11 kobolds
  2 quokkas
  2 ball pythons (D:1)
  A bat (D:1)
  7 frilled lizards
  3 rats
42 creatures vanquished.

Vanquished Creatures (others)
  13 plants (D:2)
13 creatures vanquished.

Grand Total: 55 creatures vanquished

Notes
Turn   | Place    | Note
-------+----------+-------------------------------------------
     0 | D:1      | night the Naga Reaver began the quest for the Orb.
     0 | D:1      | Reached XP level 1. HP: 19/19 MP: 3/3
   178 | D:1      | Reached XP level 2. HP: 17/26 MP: 5/5
   683 | D:1      | Reached XP level 3. HP: 26/32 MP: 6/6
  1038 | D:2      | Reached skill level 1 in Stealth
  1350 | D:2      | Reached skill level 2 in Dodging
  1350 | D:2      | Reached XP level 4. HP: 19/39 MP: 7/7
  1353 | D:2      | Learned a level 2 spell: Momentum Strike
  1820 | D:3      | Noticed Ijyb
  1822 | D:3      | Noticed Terence
  1832 | D:3      | HP: 1/33 [Terence/+3 short sword of holy wrath (6)]
  1832 | D:3      | Slain by Ijyb

Illustrated notes

Levels and vault maps discovered:
D:1:      saegor_arrival_fortress, layout_basic,
          wander_ebering_terrifying_dragon_lair
D:2:      layout_loops_ring, lexackson_kobold_supper
D:3:      layout_basic, nicolae_gozag_zags_fifth_avenue, lemuel_tele_altar,
          nicolae_overflow_hidden_temple, gup_sewer_entry_bubbles, uniq_ijyb,
          uniq_terence

Skill      XL: |  1  2  3 |
---------------+----------+-----
Stealth        | 1 |  1.5
Dodging        | 2 |  2.0
Fighting       | |  2.5
Long Blades    | |  3.4
Spellcasting   | |  2.4
Conjurations   | |  3.3

Action                   |  1- 3 |  4- 6 || total
-------------------------+-------+-------++-------
Melee: Falchion          |   123 |    12 ||   135
       Punch             |     3 |       ||     3
 Cast: Kiss of Death     |     1 |     1 ||     2
       Momentum Strike   |       |     1 ||     1
 Abil: Spit Poison       |     2 |     1 ||     3
  Use: Potion            |       |     1 ||     1
 Stab: Distracted        |     1 |       ||     1
Armor: Leather armour    |    14 |     1 ||    15
Dodge: Dodged            |    61 |    11 ||    72

Table legend: (Time is in decaauts)
 A = Elapsed time spent in this place.
 B = Non-inter-level travel time spent in this place.
 C = Inter-level travel time spent in this place.
 D = Time resting spent in this place.
 E = Time spent auto-exploring this place.
 F = Levels seen in this place.
 G = Mean time per level.
                   A        B        C        D        E       F      G
               +--------+--------+--------+--------+--------+-----+--------+
         Total |   2332 |   2218 |    114 |     73 |   1790 |   3 |  777.3 |
       Dungeon |   2332 |   2218 |    114 |     73 |   1790 |   3 |  777.3 |
               +--------+--------+--------+--------+--------+-----+--------+

Top non-repeatable levels by time:
     D:1: 1229 daAuts
     D:2: 986 daAuts
     D:3: 116 daAuts
